AoeStats
← Count Foxbat

Arabia

510083294Analyzed
1v1 RM · 3d ago on Sep 29, 2026· 51m 41s· 2 players
Game mode
Random Map
Map size
Tiny (2 player)
Population
200
Speed
Normal
Resources
Standard
Victory
Conquest
Starting age
Dark Age
Ending age
Imperial Age
RankedLock teamsTeams togetherTeam positionsShared explorationLock speedFull tech treeHidden civsTurbo modeCheats
Victory
Defeat
🇩🇪 Franks · Germany
889
+39
🇨🇳 Varangians · China
855
-14
精锐442
10:42 Feudal Age
8:57 Loom
17:00 Castle Age
17:44 Double-Bit Axe
25:33 Squires
25:22 Arson
27:26 Horse Collar
28:00 Forging
27:51 Scale Mail Armor
30:18 Iron Casting
31:17 Chain Mail Armor
39:43 Pikeman
40:37 Bow Saw
43:02 Gold Mining
47:01 Imperial Age
45:57 Fletching
47:08 Bodkin Arrow
47:20 Scale Barding Armor
47:34 Heavy Plow
48:26 Bloodlines
49:25 Stone Mining
49:05 Halberdier
Count Foxbat
7:33 Loom
9:46 Feudal Age
10:57 Double-Bit Axe
18:19 Scale Barding Armor
20:17 Forging
22:51 Wheelbarrow
26:29 Castle Age
25:49 Scale Mail Armor
28:00 Husbandry
28:05 Scale Mail Armor
29:00 Chain Barding Armor
29:16 Iron Casting
44:30 Imperial Age
42:20 Hand Cart
41:51 Town Watch
43:41 Fortified Wall
43:30 Murder Holes
43:56 Ballistics
43:02 Pikeman
44:34 Bow Saw
44:37 Town Patrol
44:41 Cavalier
46:26 Plate Barding Armor
46:52 Blast Furnace
45:21 Elite Skirmisher
45:36 Halberdier
46:02 Gambesons
46:17 Squires
46:26 Paladin
Connection lost

Rejoining the realm…

Still unreachable

The connection could not be restored.

Session expired

The server has moved on; the page needs a fresh start.